 Dungeon Crawl Stone Soup version 0.26-a0-812-g31a745ddcd (webtiles) character file.

Game seed: 1315550825906459059

52 kae the Ruffian (level 3, 1/42 HPs)
             Began as a Draconian Transmuter on Nov 24, 2020.
             Quit the game on level 1 of the Dungeon.
             The game lasted 00:00:51 (956 turns).

kae the Ruffian (Draconian Transmuter)               Turns: 956, Time: 00:00:51

Health: 1/42       AC: 21    Str: 13    XL:     3   Next: 60%
Magic:  2/6        EV:  2    Int: 11    God:
Gold:   71         SH:  0    Dex: 11    Spells: 2/6 levels left

rFire    . . .     SeeInvis .     - Unarmed
rCold    . . .     Faith    .   (no shield)
rNeg     + + +     Spirit   .   (armour unavailable)
rPois    +         Reflect  .   (helmet currently unavailable)
rElec    .         Harm     .   (cloak currently unavailable)
rCorr    .         Rampage  .   (gloves currently unavailable)
MR       .....     NoTele   +   (boots currently unavailable)
Stlth    +.........             (no amulet)
HPRegen  0.14/turn              (no ring)
MPRegen  0.10/turn              (no ring)

@: lethally poisoned (1 -> -1), tree-form, hasted, very quick
A: unfitting armour, dopey 1, wild magic 1, AC +5
a: no special abilities


You were on level 1 of the Dungeon.
You were a tree.
You visited 1 branch of the dungeon, and saw 2 of its levels.

You collected 71 gold pieces.

Inventory:

Jewellery
 f - a +6 ring of dexterity {unknown}
Scrolls
 e - a scroll of remove curse {unknown}


   Skills:
 + Level 1.5 Fighting
 + Level 2.1 Dodging
 * Level 3.5 Unarmed Combat
 + Level 2.3 Spellcasting
 * Level 2.8 Transmutations


You had 2 spell levels left.
You knew the following spells:

 Your Spells              Type           Power        Failure   Level
a - Beastly Appendage     Tmut           #.....       13%         1
b - Spider Form           Tmut/Pois      #.........   52%         3

Your spell library contained the following spells:

 Spells                   Type           Power        Failure   Level
 Wereblood                Tmut           #.......     21%         2
 Ice Form                 Ice/Tmut       #.......     89%         4
 Blade Hands              Tmut           #.........   96%         5


Dungeon Overview and Level Annotations

Branches:
Dungeon (2/15)

Altars:


Innate Abilities, Weirdness & Mutations

((Your plain brown scales are hard. (AC +5)))
You cannot fit into any form of body armour.
((You are cold-blooded and may be slowed by cold attacks.))
You are dopey. (Int -2)
((You are resistant to electric shocks. (rElec)))
Your spells are a little harder to cast, but a little more powerful.


Message History

You hit the hobgoblin but do no damage.
The hobgoblin hits you but does no damage.
The kobold hits you but does no damage.
You smack the hobgoblin!
You kill the hobgoblin!
You hit the kobold.
You kill the kobold!
You cannot move.
You cannot move.
There is a lethal amount of poison in your body!
There is a lethal amount of poison in your body!
There is a lethal amount of poison in your body!
There is a lethal amount of poison in your body!
* * * LOW HITPOINT WARNING * * *
You feel sick.
* * * LOW HITPOINT WARNING * * *
You feel sick.
Unknown command.
Unknown command.
Are you sure you want to abandon this character and quit the game? (Confirm with "yes".)

#...............
###...............
#.......####......
#.................
#........#.##.....
#..........###....
##.#.......###....
####>...............
#..♣)#..............
#....#..............
#...................
#..........(.......#
#..........##......#
#######.....(.##.......
#^..............##.....
#.#####.......#.##.....
#.##.....÷..###.####...


There were no monsters in sight!

Vanquished Creatures
  An adder (D:2)
  3 dart slugs (D:1)
  2 leopard geckos (D:1)
  6 bats (D:1)
  A giant cockroach (D:1)
  5 goblins
  3 hobgoblins (D:1)
  5 kobolds (D:1)
  3 frilled lizards (D:1)
  4 rats (D:1)
33 creatures vanquished.

Notes
Turn   | Place    | Note
-------+----------+-------------------------------------------
     0 | D:1      | kae the Draconian Transmuter began the quest for the Orb.
     0 | D:1      | Reached XP level 1. HP: 16/16 MP: 3/3
   322 | D:1      | Reached XP level 2. HP: 23/23 MP: 5/5
   480 | D:1      | Reached XP level 3. HP: 21/28 MP: 4/6
   564 | D:1      | Learned a level 3 spell: Spider Form
   942 | D:1      | Gained mutation: You are dopey. (Int -2) [potion of
                  | mutation]
   942 | D:1      | Gained mutation: You are resistant to electric shocks.
                  | (rElec) [potion of mutation]
   942 | D:1      | Gained mutation: Your spells are a little harder to cast,
                  | but a little more powerful. [potion of mutation]
   949 | D:1      | HP: 2/42 [poisoned by an adder]
   956 | D:1      | Quit the game

Illustrated notes

Levels and vault maps discovered:
D:1:      dpeg_arrival_refuge, layout_basic, corexii_hall_statues_l,
          corner_web_ring, chequers_serial_rivers_micro_b, minmay_misc_feat_chi,
          corexii_leaking_fountain
D:2:      layout_rooms

Skill      XL: |  1  2 |
---------------+-------+-----
Dodging        | 2 |  2.1
Fighting       | |  1.5
Unarmed Combat | |  3.5
Spellcasting   | |  2.3
Transmutations | |  2.8

Action                   || total
-------------------------++-------
Melee: Unarmed           ||    77
       Tailslap          ||     5
       Headbutt          ||     5
       Kick              ||     3
       Punch             ||     1
 Cast: Beastly Appendage ||    10
       Spider Form       ||     1
  Use: Potion            ||     5
Armor: Skin              ||    41
Dodge: Dodged            ||    82

Table legend: (Time is in decaauts)
 A = Elapsed time spent in this place.
 B = Non-inter-level travel time spent in this place.
 C = Inter-level travel time spent in this place.
 D = Time resting spent in this place.
 E = Time spent auto-exploring this place.
 F = Levels seen in this place.
 G = Mean time per level.
                   A        B        C        D        E       F      G
               +--------+--------+--------+--------+--------+-----+--------+
         Total |    947 |    916 |     31 |      0 |    724 |   2 |  473.5 |
       Dungeon |    947 |    916 |     31 |      0 |    724 |   2 |  473.5 |
               +--------+--------+--------+--------+--------+-----+--------+

Top non-repeatable levels by time:
     D:1: 924 daAuts
     D:2: 23 daAuts
